Map: Bastión celestial

Players

MrFercho - Winner!

  • Race: Terran Terran
  • Spawn Location: 1:00

tigro

  • Race: Terran Terran
  • Spawn Location: 7:00

VOD

Have the link to the VOD?

Description

Time

  • Played on: March 20, 2020, 6:26 p.m.
  • Length: 11:03
Show
View Real Time Build Order
Export as new Build Order

MrFercho Terran - Winner!

Build Orders:  

Get SALT Encoding   

  12  0:02  SCV  
  13  0:19  Supply Depot  
  13  0:22  SCV  
  14  0:34  SCV  
  15  0:36  Refinery  
  15  0:47  SCV  
  16  0:59  Barracks  
  16  1:01  SCV  
  17  1:13  SCV  
  18  1:25  SCV  
  19  1:35  Supply Depot  
  19  1:37  SCV  
  20  1:49  Refinery  
  20  1:54  Marine  
  22  2:08  SCV  
  22  2:11  Marine  
  23  2:20  SCV  
  24  2:29  Marine  
  25  2:32  SCV  
  26  2:44  SCV  
  26  2:47  Marine  
  26  2:49  Command Center  
  28  2:56  SCV  
  29  3:05  Marine  
  30  3:11  SCV  
  31  3:26  Barracks Tech Lab  
  31  3:53  Refinery  
  31  4:00  Marauder, SCV  
  31  4:02  Refinery  
  34  4:08  Supply Depot  
  34  4:22  Command Center  
  34  4:23  Refinery  
  34  4:29  Refinery  
  34  4:30  Supply Depot  
  30  4:54  Supply Depot  
  30  5:17  Supply Depot  
  29  5:38  SCV  
  30  5:44  Orbital Command  
  30  5:50  SCV  
  30  5:51  SCV  
  32  6:02  SCV  
  32  6:03  SCV  
  34  6:10  SCV  
  35  6:15  SCV x2  
  37  6:22  SCV  
  38  6:27  SCV x2  
  40  6:34  SCV  
  40  6:39  Engineering Bay, SCV  
  42  6:41  Engineering Bay  
  42  6:43  Factory  
  42  6:46  Factory, Engineering Bay, SCV  
  43  6:48  Orbital Command  
  43  6:52  SCV  
  44  6:58  SCV  
  45  7:04  SCV  
  46  7:10  SCV  
  46  7:14  Refinery  
  46  7:15  Combat Shield  
  47  7:16  SCV, Refinery  
  47  7:17  Command Center  
  47  7:18  Marine  
  49  7:23  SCV  
  49  7:28  SCV  
  51  7:36  Marine  
  52  7:37  Armory  
  52  7:43  Armory x2  
  50  7:54  Marauder, Factory Tech Lab x2  
  52  8:07  Starport  
  52  8:08  Starport  
  52  8:16  Marauder, SCV  
  52  8:17  SCV x2  
  57  8:29  SCV x2  
  57  8:34  Concussive Shells  
  59  8:45  Starport  
  59  8:47  Starport  
  59  8:55  Terran Infantry Armor Level 1, Terran Infantry Weapons Level 1, Neosteel Armor  
  59  8:58  Terran Ship Weapons Level 1, Terran Vehicle And Ship Armor Level 1, Terran Vehicle Weapons Level 1  
  59  9:15  Fusion Core  
  59  9:19  Fusion Core x2, Orbital Command  
  59  9:24  Starport  
  59  9:29  Starport  
  59  10:00  Sensor Tower  
  59  10:04  Starport  
  59  10:30  Sensor Tower  
  59  10:39  Ghost Academy x2  
  59  10:41  Ghost Academy  
  59  10:57  Sensor Tower  
Show
View Real Time Build Order
Export as new Build Order

tigro Terran 

Build Orders:  

Get SALT Encoding   

  12  0:03  SCV  
  13  0:19  Supply Depot, SCV  
  14  0:31  SCV  
  15  0:43  SCV  
  16  0:51  Barracks  
  16  1:00  SCV  
  17  1:07  Refinery  
  17  1:12  SCV  
  17  1:14  Refinery  
  18  1:24  SCV  
  19  1:36  SCV  
  20  1:40  Barracks  
  20  1:41  Marine  
  21  1:52  Supply Depot  
  21  1:57  SCV  
  21  1:59  Marine  
  23  2:17  Marine  
  24  2:30  Barracks Tech Lab  
  24  2:32  Engineering Bay  
  24  2:35  Marine  
  25  2:53  Combat Shield, Marine  
  26  2:59  Marauder  
  28  3:10  Marine  
  29  3:20  Marauder  
  31  3:46  Command Center  
  31  4:02  Missile Turret  
  31  4:08  Barracks Tech Lab  
  31  4:12  Stimpack  
  31  4:21  Supply Depot, Orbital Command  
  31  4:25  Terran Infantry Weapons Level 1  
  31  4:43  Marauder  
  33  4:46  Marine  
  34  5:00  Refinery  
  34  5:04  Marine x2  
  35  5:25  Missile Turret  
  33  5:52  Concussive Shells  
  33  6:11  Factory  
  33  6:19  Terran Infantry Armor Level 1  
  33  6:20  Planetary Fortress  
  33  6:39  Missile Turret  
  33  6:51  Marine  
  34  6:57  Factory  
  34  7:02  Marauder  
  36  7:08  Marine  
  36  7:11  SCV  
  38  7:23  SCV  
  38  7:24  Marauder  
  38  7:26  Marine  
  38  7:28  Factory Tech Lab  
  42  7:36  SCV  
  43  7:44  Marine  
  43  7:45  Marauder  
  43  7:48  Armory, SCV  
  50  7:58  Siege Tank  
  50  8:00  SCV  
  50  8:02  Marine  
  52  8:13  Neosteel Armor  
  52  8:26  Refinery  
  52  8:34  Factory Tech Lab  
  52  8:50  Supply Depot  
  52  9:11  Siege Tank  
  55  9:18  Missile Turret  
  55  9:34  Thor  
  61  9:41  Missile Turret  
  61  9:53  Hi-Sec Auto Tracking  
  61  10:18  Starport  
  61  10:26  Supply Depot  
Tags
 
Matchup
TvT
Race
Terran
Replay Pack
MrFercho
Spawn Locations
Cross Positions
Add a new tag
Caveats
  • Supply blocks, unpowered buildings, or Contaminate may cause inaccurate times.
  • Supply counts are checked every 10 seconds.